 Dungeon Crawl Stone Soup version 0.23.1-37-gaa34b87b72 (webtiles) character file.

Game seed: 12535739085234166938

402 PikkenKukken the Chopper (level 6, -4/56 HPs)
             Began as a Hill Orc Monk on Mar 22, 2019.
             Slain by Edmund
             ... wielding a +0 dire flail of protection
              (5 damage)
             ... on level 3 of the Dungeon.
             The game lasted 00:07:15 (4397 turns).

PikkenKukken the Chopper (Hill Orc Monk)            Turns: 4397, Time: 00:07:17

Health: -4/56      AC:  3    Str: 16    XL:     6   Next: 85%
Magic:  6/6        EV: 13    Int: 10    God:
Gold:   235        SH:  0    Dex: 13    Spells: 5/5 levels left

rFire    . . .     SeeInvis .   a - +1 hand axe
rCold    . . .     Gourm    .   (no shield)
rNeg     . . .     Faith    .   b - +0 robe
rPois    +         Spirit   .   (no helmet)
rElec    .         Reflect  .   q - +0 cloak
rCorr    .         Harm     .   (no gloves)
MR       +....                  (no boots)
Stlth    ++........             o - amulet of the acrobat
HPRegen  0.18/turn              d - ring of protection from magic
MPRegen  0.10/turn              l - ring of poison resistance

@: no status effects
A: no striking features
a: no special abilities


You were on level 3 of the Dungeon.
You were not hungry.

You visited 1 branch of the dungeon, and saw 4 of its levels.

You collected 235 gold pieces.

Inventory:

Hand Weapons
 a - a +1 hand axe (weapon)
Armour
 b - a +0 robe (worn)
 q - a +0 cloak (worn)
Jewellery
 d - a ring of protection from magic (left hand)
 k - an uncursed ring of positive energy
 l - a ring of poison resistance (right hand)
 o - an amulet of the acrobat (around neck)
Wands
 i - a wand of flame (17)
 s - a wand of disintegration (14)
Scrolls
 e - a scroll of amnesia
 g - a scroll of fog
 h - a scroll of remove curse
 n - a scroll of identify {unknown}
Potions
 f - a potion of berserk rage {unknown}
 j - a potion of cancellation {unknown}
 m - a potion of heal wounds {unknown}
 p - a potion of brilliance {unknown}
Comestibles
 c - 8 rations


   Skills:
 + Level 5.1 Fighting
 * Level 7.0 Axes
 + Level 2.9 Armour
 + Level 3.4 Dodging
 - Level 1.5 Stealth


You had 5 spell levels left.
You didn't know any spells.
Your spell library was empty.

Dungeon Overview and Level Annotations

Branches:
Dungeon (4/15)
 Temple: D:4-7

Altars:

Shops:
D:4 }

Annotations:
D:3 Edmund


Message History

Edmund is heavily wounded.
Edmund misses you. Edmund completely misses you.
You hit Edmund but do no damage.
Edmund is heavily wounded.
Edmund hits you with a +0 dire flail of protection!
* * * LOW HITPOINT WARNING * * *
You hit Edmund.
Edmund is heavily wounded.
Edmund hits you with a +0 dire flail of protection.
* * * LOW HITPOINT WARNING * * *
You hit Edmund but do no damage.
Edmund is heavily wounded.
Edmund closely misses you.
You hit Edmund but do no damage.
Edmund is heavily wounded.
Edmund is no longer moving quickly.
Edmund hits you with a +0 dire flail of protection!
* * * LOW HITPOINT WARNING * * *
Edmund hits you with a +0 dire flail of protection.
You die...

..#.##.#.....### #.#
...............# #.#
....##.#.#####.# #.#
..####.#.# #.# #.#
..####.#.## #.# #.#
..........# #.# #.#
.........## #.# #.#
##.....#.#####.### #.#
................@####.#####
##.#####.##.##..@.........#
##.#####.##.#########.#####
.........##.#########.#
##.#####..............#
.......#.##.#########.#####
##.......................(#
#....#.#.#...###.####.#####
#..###.#.#...# #.# #.#


You could see Edmund.

Vanquished Creatures
  An ogre (D:4)
  Blork the orc (D:4)
  A scorpion (D:4)
  An orc priest (D:3)
  3 gnolls (D:2)
  6 adders
  An ooze (D:4)
  An adder skeleton (D:4)
  2 worms
  A dart slug (D:3)
  4 leopard geckos
  2 orcs (D:3)
  7 giant cockroaches
  5 goblins
  6 hobgoblins
  11 jackals
  A quokka (D:4)
  6 bats
  5 frilled lizards
  5 kobolds
  7 rats
77 creatures vanquished.

Notes
Turn   | Place    | Note
-------+----------+-------------------------------------------
     0 | D:1      | PikkenKukken the Hill Orc Monk began the quest for the Orb.
     0 | D:1      | Reached XP level 1. HP: 19/19 MP: 1/1
    94 | D:1      | Reached XP level 2. HP: 25/27 MP: 2/2
   669 | D:1      | Reached skill level 1 in Armour
   694 | D:1      | Reached XP level 3. HP: 26/33 MP: 3/3
  1073 | D:2      | Reached skill level 5 in Axes
  1619 | D:2      | Reached XP level 4. HP: 34/40 MP: 4/4
  2263 | D:3      | Reached XP level 5. HP: 37/47 MP: 5/5
  3154 | D:3      | Reached skill level 6 in Axes
  3723 | D:4      | Noticed an ogre
  3755 | D:4      | Killed an ogre
  3755 | D:4      | Reached XP level 6. HP: 35/55 MP: 6/6
  3955 | D:4      | Found Wucleror's Gadget Shop.
  4066 | D:4      | Reached skill level 5 in Fighting
  4098 | D:4      | Noticed Blork the orc
  4119 | D:4      | Killed Blork the orc
  4119 | D:4      | Reached skill level 7 in Axes
  4353 | D:4      | Noticed Edmund
  4397 | D:3      | HP: 1/56 [Edmund/+0 dire flail of protection (7)]
  4397 | D:3      | Slain by Edmund

Skill      XL: |  1  2  3  4  5  6 |
---------------+-------------------+-----
Armour         | 1 2 |  2.9
Fighting       | 4 5 |  5.1
Axes           | 5 6 7 |  7.0
Dodging        | 3 |  3.4
Stealth        | |  1.5

Action                   |  1- 3 |  4- 6 || total
-------------------------+-------+-------++-------
Melee: Hand axe          |   119 |   232 ||   351
  Use: Scroll            |     3 |     5 ||     8
       Potion            |       |     2 ||     2
 Stab: Sleeping          |     4 |     3 ||     7
  Eat: Chunk             |     2 |     9 ||    11
Armor: Robe              |    23 |    27 ||    50
Dodge: Dodged            |   119 |   154 ||   273
